 Dungeon Crawl Stone Soup version 0.29.1-13-g9f3cf754e1 (webtiles) character file.

Game seed: 2243334563632567819

261 FaviusArthum the Conjurer (level 5, -4/28 HPs)
             Began as a Deep Elf Conjurer on Feb 2, 2023.
             Slain by Edmund
             ... wielding a +3 dire flail of protection
              (15 damage)
             ... on level 4 of the Dungeon.
             The game lasted 00:13:39 (3843 turns).

FaviusArthum the Conjurer (Deep Elf Conjurer)       Turns: 3843, Time: 00:13:40

Health: -4/28      AC:  3    Str:  4    XL:     5   Next: 96%
Magic:  10/14      EV: 12    Int: 25    God:
Gold:   155        SH:  0    Dex: 13    Spells: 7/14 levels left

rFire   . . .      SeeInvis .   d - +0 dagger
rCold   . . .      Faith    .   (no shield)
rNeg    . . .      Spirit   .   a - +0 robe
rPois   .          Reflect  .   (no helmet)
rElec   .          Harm     .   c - +0 cloak
rCorr   .          Rampage  .   (no gloves)
Will    .....                   (no boots)
Stlth   ++........              (no amulet)
HPRegen 0.09/turn               (no ring)
MPRegen 0.14/turn               (no ring)

@: no status effects
A: no striking features
a: no special abilities


You were on level 4 of the Dungeon.
You visited 1 branch of the dungeon, and saw 4 of its levels.

You collected 185 gold pieces.
You spent 30 gold pieces at shops.

Inventory:

Hand Weapons
 d - a +0 dagger (weapon)
Armour
 a - a +0 robe (worn)
 c - a +0 cloak (worn)
Jewellery
 l - a ring of fire
Scrolls
 f - a scroll of silence
 k - a scroll of fog {unknown}
 m - 2 scrolls of noise {unknown}
Potions
 e - a potion of attraction
 h - 3 potions of lignification
 i - a potion of brilliance {unknown}
 j - 2 potions of berserk rage {unknown}


   Skills:
 + Level 0.2 Fighting
 + Level 2.5 Dodging
 + Level 3.3 Stealth
 + Level 5.1 Spellcasting
 + Level 6.5 Conjurations
 * Level 1.5 Hexes


You had 7 spell levels left.
You knew the following spells:

 Your Spells              Type           Power      Damage    Failure   Level
a - Magic Dart            Conj           100%       1d8       1%          1
b - Searing Ray           Conj           78%        2d7       1%          2
c - Fulminant Prism       Conj/Hex       13%        3d9       16%         4

Your spell library contained the following spells:

 Spells                   Type           Power      Damage    Failure   Level
 Dazzling Flash           Conj/Hex       52%        N/A       4%          3
 Inner Flame              Hex/Fire       10%        N/A       19%         3
 Iskenderun's Mystic Bla  Conj/Tloc      22%        2d6       22%         4
 Cause Fear               Hex            7%         N/A       41%         4
 Discord                  Hex            7%         N/A       100%        8


Dungeon Overview and Level Annotations

Branches:
Dungeon (4/15)
 Temple: D:4-7

Altars:
Zin

Shops:
D:1 *   D:2 !   D:4 [

Annotations:
D:3 1 runed translucent door, Crazy Yiuf
D:4 Edmund


Message History

Ouch! That really hurt!
Casting: Searing Ray (safe; 1% risk of failure)
Confirm with . or Enter, or press ? or * to list all spells.
Restarting spell: Searing Ray (safe; 1% risk of failure)
Press: ? - help, Shift-Dir - straight line, f - Edmund
Aim: Edmund, wielding a +3 dire flail of protection and wearing a +0 scale mail (lightly wounded, fast, 83% to hit)
The searing ray misses Edmund. (Press . to maintain the ray.) Edmund barely misses you.
Edmund closely misses you.
You feel better. Edmund closely misses you.
You feel better. Edmund barely misses you.
Edmund hits you with a +3 dire flail of protection.
Magic courses through your body.
Edmund hits you with a +3 dire flail of protection!!
Ouch! That really hurt!
* * * LOW HITPOINT WARNING * * *
You feel better. Edmund barely misses you. Edmund misses you.
You feel better.
Edmund hits you with a +3 dire flail of protection.
Casting: Searing Ray (safe; 1% risk of failure)
Confirm with . or Enter, or press ? or * to list all spells.
Aiming: Searing Ray (safe; 1% risk of failure)
Press: ? - help, Shift-Dir - straight line, f/p - Edmund
Aim: Edmund, wielding a +3 dire flail of protection and wearing a +0 scale mail (lightly wounded, fast, 83% to hit)
The searing ray hits Edmund.
Edmund is lightly wounded. (Press . to maintain the ray.) Edmund barely misses you.
Edmund hits you with a +3 dire flail of protection!
Casting: Searing Ray (safe; 1% risk of failure)
Confirm with . or Enter, or press ? or * to list all spells.
Restarting spell: Searing Ray (safe; 1% risk of failure)
Press: ? - help, Shift-Dir - straight line, f/p - Edmund
Aim: Edmund, wielding a +3 dire flail of protection and wearing a +0 scale mail (lightly wounded, fast, 83% to hit)
The searing ray hits Edmund!
Edmund is moderately wounded. (Press . to maintain the ray.) Edmund hits you with a +3 dire flail of protection!
Ouch! That really hurt!
You die...

...#### .8...8#
......### ...<...8#
........###
.8...∩...8##### #####
.##...........# #...#
...8...>...##.####...#
....#...........@#...#
.##.#8...8###..#.@...#
. #.##.#### ##..##...#
#. #.# ##.##..(..# ...
#...#..### .##. ....
...# .......<#
##.###...# #. ....


You could see Edmund (fast).

Vanquished Creatures
  An ice beast (D:3)
  A scorpion (D:3)
  An orc priest (D:3)
  2 adders (D:3)
  A worm (D:3)
  4 orcs (D:3)
  4 bats
  4 endoplasms
  2 giant cockroaches
  4 goblins
  4 hobgoblins
  2 jackals (D:1)
  2 quokkas
  6 ball pythons
  6 frilled lizards
  10 kobolds
  6 rats
60 creatures vanquished.

Notes
Turn   | Place    | Note
-------+----------+-------------------------------------------
     0 | D:1      | FaviusArthum the Deep Elf Conjurer began the quest for the
                  | Orb.
     0 | D:1      | Reached XP level 1. HP: 10/10 MP: 6/6
   329 | D:1      | Found Xebeg's Assorted Antiques.
   376 | D:1      | Reached XP level 2. HP: 15/15 MP: 5/8
   736 | D:1      | Reached skill level 5 in Conjurations
  1395 | D:2      | Learned a level 2 spell: Searing Ray
  1568 | D:2      | Reached XP level 3. HP: 19/19 MP: 6/9
  1768 | D:2      | Found Yju Cunysm's Distillery.
  1780 | D:2      | Bought a potion of curing for 30 gold pieces
  1790 | D:2      | Found a glowing silver altar of Zin.
  2322 | D:3      | Noticed a scorpion
  2511 | D:3      | Found a runed translucent door.
  2512 | D:3      | Noticed Crazy Yiuf
  2608 | D:3      | Noticed an ice beast
  2797 | D:3      | Reached XP level 4. HP: 24/24 MP: 6/11
  2943 | D:3      | Killed an ice beast
  2944 | D:3      | Reached skill level 6 in Conjurations
  2944 | D:3      | Reached XP level 5. HP: 28/28 MP: 2/14
  3069 | D:3      | Learned a level 4 spell: Fulminant Prism
  3289 | D:3      | Reached skill level 5 in Spellcasting
  3289 | D:3      | Reached skill level 1 in Hexes
  3794 | D:4      | Found Quximpof's Armour Shoppe.
  3827 | D:4      | Noticed Edmund
  3843 | D:4      | Slain by Edmund

Illustrated notes

Levels and vault maps discovered:
D:1:      amcnicky_arrival_underground_garden, layout_basic, serial_shops,
          nicolae_shop_competitors_out_of_business, minmay_door_square
D:2:      layout_rooms, basic_altar, serial_shops, nicolae_shop_window_shopping
D:3:      layout_basic, uniq_crazy_yiuf_cottage
D:4:      layout_rooms, serial_shops, nicolae_stop_n_shop_1,
          nicolae_stop_n_shop_2, uniq_eustachio, uniq_edmund

Skill      XL: |  1  2  3  4  5 |
---------------+----------------+-----
Conjurations   | 5 6 |  6.5
Stealth        | 3 |  3.3
Spellcasting   | 4 5 |  5.1
Hexes          | 1 |  1.5
Fighting       | |  0.2
Dodging        | |  2.5

Action                   |  1- 3 |  4- 6 || total
-------------------------+-------+-------++-------
 Cast: Magic Dart        |    81 |    25 ||   106
       Searing Ray       |     7 |    17 ||    24
  Use: Scroll            |     7 |     1 ||     8
       Potion            |     1 |     5 ||     6
Armor: Robe              |     2 |     1 ||     3
Dodge: Dodged            |     5 |    11 ||    16
